Cogmind - Beta 11 @@@ ROGUE MODE // 2022.04.05 @ 21:35:42 Player: Strikerv2 Result: Destroyed by S-10 Pest with Light Assault Rifle Performance ------------- Evolutions (1) 500 Regions Visited (5) 1000 Robots Destroyed (49) 245 Value Destroyed (1351) 1351 Prototype IDs (0) 0 Alien Tech Used (0) 0 Bonus (292) 292 TOTAL SCORE: 3388 Bonus ------- High Alert Combat Kills 59 Follower Combat Kills 33 Entered Garrisons 200 Cogmind --------- Core Integrity 0/400 Matter 300/300 Energy 73/100 System Corruption 2% Temperature Cool (0) Movement Core (50) Location -9/Garrison Parts ------- > --- POWER (1) -------- (None) > --- PROPULSION (4) --- (None) > --- UTILITY (2) ------ (None) > --- WEAPON (2) ------- Light Assault Rifle > --- INVENTORY (5) ---- Ion Engine Peak State ------------ > --- POWER ------------ Light Ion Engine > --- PROPULSION ------- Advanced Treads Advanced Treads Advanced Treads Advanced Treads > --- UTILITY ---------- Improved Terrain Scanner Seismic Detector > --- WEAPON ----------- Assault Rifle Grenade Launcher > --- INVENTORY -------- Medium Laser Light Assault Rifle Explosive Trap Explosive Trap [Rating: 19] Favorites ----------- Power Ion Engine Engine Ion Engine Power Core Light Nuclear Core Propulsion Advanced Treads Treads Advanced Treads Wheel Wheel Utility Seismic Detector Device Seismic Detector Processor Visual Processing Unit Weapon EM Shotgun Energy Gun EM Shotgun Ballistic Gun Assault Rifle Launcher Grenade Launcher Build | -11 -10 -10 -9 -9 -9 ------- Run | Scr Mat Min Mat Sto Gar Slots Evolved 2 | . . . 2 . . Power . | . . . . . . Propulsion 2 | . . . 2 . . Utility . | . . . . . . Weapon . | . . . . . . Parts Attached 33 | 6 2 . 6 11 8 Power 5 | 1 . . . 2 2 Engine 4 | 1 . . . 2 1 Core 1 | . . . . . 1 Reactor . | . . . . . . Propulsion 9 | 2 . . 5 1 1 Treads 7 | . . . 5 1 1 Leg . | . . . . . . Wheel 2 | 2 . . . . . Hover . | . . . . . . Flight . | . . . . . . Utility 5 | 1 1 . 1 2 . Device 4 | 1 . . 1 2 . Storage . | . . . . . . Processor 1 | . 1 . . . . Hackware . | . . . . . . Protection . | . . . . . . Artifact . | . . . . . . Weapon 14 | 2 1 . . 6 5 Energy Gun 7 | 1 . . . 3 3 Energy Cannon . | . . . . . . Ballistic Gun 6 | 1 . . . 3 2 Ballistic Cannon . | . . . . . . Launcher 1 | . 1 . . . . Special Weapon . | . . . . . . Impact Weapon . | . . . . . . Slashing Weapon . | . . . . . . Piercing Weapon . | . . . . . . Special Melee Weapon . | . . . . . . Unidentified Prototypes . | . . . . . . Parts Lost 16 | . . . . 7 9 Power 1 | . . . . . 1 Propulsion 4 | . . . . 1 3 Utility 4 | . . . . 2 2 Weapon 7 | . . . . 4 3 Highest Loss Streak 7 | . . . . 4 7 To Critical Strikes . | . . . . . . Average Slot Usage (%) 80 | . 85 100 89 84 68 Engine 9 | . 14 14 11 11 4 Core 1 | . . . . . 5 Treads 21 | . . . 32 32 15 Wheel 4 | . 28 28 1 . . Device 19 | . 14 14 21 20 20 Processor 1 | . . 14 . . . Energy Gun 8 | . 6 . . 11 11 Ballistic Gun 10 | . 14 14 11 8 10 Launcher 3 | . 7 14 11 1 . Naked Turns 1 | . . . . . 1 Heaviest Build 13 | 8 9 9 10 13 13 Greatest Support 88 | 20 20 20 88 66 62 Greatest Overweight (x) 3 | . . . 3 . 3 Average Overweight (x) . | . . . . . . Largest Inventory Capacity 5 | 5 5 5 5 5 5 Average Capacity 5 | 5 5 5 5 5 5 Most Carried 5 | 3 5 5 5 5 5 Average Carried 3 | 1 4 4 4 2 3 Final Capacity 5 | 5 5 5 5 5 5 Final Carried 5 | 3 3 5 4 2 1 Class Distribution -------------------- 58% | Scavenger-Mutant 41% | Mutant Dominant Class ---------------- Mutant | -10/Materials Mutant | -10/Mines Mutant | -9/Materials Scavenger-Mutant | -9/Storage Scavenger-Mutant | -9/Garrison Resources | -11 -10 -10 -9 -9 -9 ----------- Run | Scr Mat Min Mat Sto Gar Matter Collected 902 | 260 18 17 117 370 120 Remotely . | . . . . . . Salvage Created 1459 | 34 118 11 68 682 546 Parts 112 | 4 17 5 12 40 34 Haulers Intercepted . | . . . . . . Recyclers Shooed 3 | 1 1 . . 1 . Parts Field Recycled . | . . . . . . Retrieved Matter . | . . . . . . Parts Self-Destructed . | . . . . . . Prevented . | . . . . . . Kills | -11 -10 -10 -9 -9 -9 ------- Run | Scr Mat Min Mat Sto Gar Combat Hostiles Destroyed 41 | . 7 2 4 15 13 Guns 29 | . 1 . 1 14 13 AOE 12 | . 6 2 3 1 . Classes Destroyed 8 | 1 4 . 2 1 . Worker 3 | . 1 . . 2 . Builder 1 | . . . 1 . . Tunneler 2 | 2 . . . . . Operator 1 | . . . . 1 . Watcher 1 | . 1 . . . . Swarmer 10 | . 3 2 3 . 2 Grunt 24 | . 4 . . 10 10 Sentry 7 | . . . 1 5 1 Best Kill Streak 9 | 2 9 2 3 3 3 Combat Bots Only 5 | . 5 2 3 3 3 Max Kills in Single Turn 3 | 1 2 2 3 2 1 Gunslinging . | . . . . . . Exploded 3 | . 2 2 3 1 . Melee . | . . . . . . Uniques/NPCs Destroyed . | . . . . . . Combat | -11 -10 -10 -9 -9 -9 -------- Run | Scr Mat Min Mat Sto Gar Damage Taken 2178 | . 51 19 163 1022 923 Core 406 | . 6 . 7 98 295 Absorbed by Shields . | . . . . . . Core Remaining (%) 98 | 100 . 97 . . . Volleys Fired 120 | 9 12 2 8 51 38 Largest 2 | 2 2 2 2 2 2 Hottest 112 | 70 70 50 50 101 112 Shots Fired 213 | 18 20 3 12 97 63 Gun 199 | 18 13 2 8 95 63 Cannon . | . . . . . . Launcher 14 | . 7 1 4 2 . Special . | . . . . . . Kinetic 103 | 9 12 2 8 46 26 Thermal 65 | 9 1 . . 38 17 Explosive 14 | . 7 1 4 2 . Electromagnetic 31 | . . . . 11 20 Robot Hit Streak 19 | 3 2 . 4 19 6 Robot Miss Streak 3 | 2 3 3 1 3 3 Penetration Max . | . . . . . . Secondary Targets 3 | . . . . 3 . Max Gunslinging Chain 1 | . . . . 1 . Shots Hit Robots 132 | 9 7 . 7 69 40 Core Hits 87 | 2 16 2 7 36 24 Critical Kills . | . . . . . . Critical Parts Destroyed 1 | . . . . 1 . Critical Strikes 5 | . . . . 4 1 Burn 4 | . . . . 3 1 Destroy 1 | . . . . 1 . Melee Attacks . | . . . . . . Impact . | . . . . . . Slashing . | . . . . . . Piercing . | . . . . . . Sneak Attacks . | . . . . . . Combat Hostiles . | . . . . . . Follow-up Attacks . | . . . . . . Damage Inflicted 2728 | 128 597 155 262 1062 524 Guns 1659 | 128 34 . 48 925 524 Cannons . | . . . . . . Explosions 1064 | . 563 153 214 134 . Melee . | . . . . . . Ramming 5 | . . 2 . 3 . Kinetic 668 | 79 34 . 48 362 145 Thermal 584 | 49 . . . 407 128 Explosive 1050 | . 563 153 214 120 . Electromagnetic 421 | . . . . 170 251 Impact . | . . . . . . Slashing . | . . . . . . Piercing . | . . . . . . Highest Corruption 2 | . . . . 2 2 Average Corruption 2 | . . . . 2 2 Corruption Purged . | . . . . . . Corruption Blocked . | . . . . . . Effects 12 | . . . . 4 8 Message Errors 4 | . . . . 1 3 Matter Fused 3 | . . . . 1 2 Heat Flow Errors 2 | . . . . 1 1 Parts Rejected 1 | . . . . . 1 Data Loss (minor) 2 | . . . . 1 1 Overload Shots . | . . . . . . Overflow Damage 11 | . 11 . . . . Projectiles . | . . . . . . Explosions 11 | . 11 . . . . Melee . | . . . . . . Knockbacks . | . . . . . . Impact . | . . . . . . Kinetic . | . . . . . . Secondary . | . . . . . . Self-Inflicted Damage 42 | . 9 1 . 32 . Shots 2 | . 1 . . 1 . Rammed 2 | . . 1 . 1 . Targets Rammed 2 | . . 1 . 1 . Kicked . | . . . . . . Crushed . | . . . . . . Highest Temperature 258 | 27 . . 7 216 258 Average Temperature 51 | 9 . . 4 57 57 Received Heat Transfer 849 | . . . 63 456 330 Siege Activations . | . . . . . . Robots Corrupted . | . . . . . . Combat Hostiles . | . . . . . . Parts Fried 1 | . . . . 1 . Impact Corruptions . | . . . . . . Robots Melted . | . . . . . . Combat Hostiles . | . . . . . . Parts Melted 3 | . . . . 3 . Heat Transferred 1826 | 148 . . . 1271 407 Parts Sabotaged . | . . . . . . Parts Stolen . | . . . . . . Parts Stripped . | . . . . . . Power Chain Reactions 1 | . . . . 1 . Missiles Intercepted . | . . . . . . Alert | -11 -10 -10 -9 -9 -9 ------- Run | Scr Mat Min Mat Sto Gar Peak Influence 606 | 10 463 250 368 433 606 Initial 206 | . 6 180 97 146 206 Average 290 | 2 172 250 142 286 439 Maximum Alert Level 2 | . 2 1 1 2 2 Low Security (%) 26 | 100 58 . 84 17 . Level 1 53 | . 22 100 15 81 38 Level 2 20 | . 19 . . 1 61 Level 3 . | . . . . . . Level 4 . | . . . . . . Level 5 . | . . . . . . High Security . | . . . . . . Max Security . | . . . . . . Squads Dispatched 3 | . 1 . . 2 . Investigation . | . . . . . . Extermination . | . . . . . . Reinforcement 2 | . 1 . . 1 . Assault . | . . . . . . Garrison 1 | . . . . 1 . Intercept . | . . . . . . Searches Triggered . | . . . . . . Construction Impeded . | . . . . . . Haulers Reinforced . | . . . . . . Active Scanning Responses . | . . . . . . Cargo Convoy Interrupts . | . . . . . . Stealth | -11 -10 -10 -9 -9 -9 --------- Run | Scr Mat Min Mat Sto Gar Distress Signals 2 | . . . . 2 . Communications Jammed . | . . . . . . Distress Signals . | . . . . . . Times Spotted 65 | . 9 1 9 23 23 Peak Tracking Total 8 | . 4 1 4 4 8 Tactical Retreats 6 | . . . . 3 3 Traps | -11 -10 -10 -9 -9 -9 ------- Run | Scr Mat Min Mat Sto Gar Traps Triggered 1 | . . . . 1 . Indirectly . | . . . . . . Trap Hack Attempts . | . . . . . . Triggered . | . . . . . . Disarmed . | . . . . . . Reprogrammed . | . . . . . . Reused 2 | . . . . 2 . Traps Extracted . | . . . . . . Installed 2 | . . . . 2 . Triggered 2 | . . . . 2 . Most Traps Carried 2 | . . 2 2 2 . Machines | -11 -10 -10 -9 -9 -9 ---------- Run | Scr Mat Min Mat Sto Gar Machines Disabled 4 | . 3 . . 1 . Max in Single Turn 1 | . 1 . . 1 . Machines Sabotaged . | . . . . . . Garrisons Compromised . | . . . . . . Overloaded Fab Kills . | . . . . . . Hacking | -11 -10 -10 -9 -9 -9 --------- Run | Scr Mat Min Mat Sto Gar Machines Accessed 2 | . 1 . . 1 . Terminals 1 | . 1 . . . . Fabricators . | . . . . . . Repair Stations . | . . . . . . Recycling Units . | . . . . . . Scanalyzers . | . . . . . . Garrison Access 1 | . . . . 1 . Total Hacks 2 | . 1 . . 1 . Successful 2 | . 1 . . 1 . Failed . | . . . . . . Catastrophic . | . . . . . . Database Lockouts . | . . . . . . Manual . | . . . . . . Terminals 1 | . 1 . . . . Fabricators . | . . . . . . Repair Stations . | . . . . . . Recycling Units . | . . . . . . Scanalyzers . | . . . . . . Garrison Access 1 | . . . . 1 . Terminal Hacks 1 | . 1 . . . . Alert Level 1 | . 1 . . . . Fabricator Hacks . | . . . . . . Repair Station Hacks . | . . . . . . Recycling Unit Hacks . | . . . . . . Scanalyzer . | . . . . . . Garrison Access Hacks 1 | . . . . 1 . Unlock Access 1 | . . . . 1 . Unauthorized Hacks . | . . . . . . Terminals . | . . . . . . Fabricators . | . . . . . . Repair Stations . | . . . . . . Recycling Units . | . . . . . . Scanalyzers . | . . . . . . Garrison Access . | . . . . . . Data Cores Recovered . | . . . . . . Used . | . . . . . . Hacking Detections 2 | . 1 . . 1 . Full Trace Events . | . . . . . . Feedback Events . | . . . . . . Feedback Blocked . | . . . . . . Robot Schematics Acquired . | . . . . . . Robots Built . | . . . . . . Authchips . | . . . . . . Time . | . . . . . . Total Robot Build Rating . | . . . . . . Part Schematics Acquired . | . . . . . . Parts Built . | . . . . . . Authchips . | . . . . . . Time . | . . . . . . Total Part Build Rating . | . . . . . . Parts Repaired . | . . . . . . Time . | . . . . . . Parts Recycled . | . . . . . . Recycled Matter . | . . . . . . Retrieved Matter . | . . . . . . Retrieved Components . | . . . . . . Parts Scanalyzed . | . . . . . . Part Schematics Acquired . | . . . . . . Parts Damaged . | . . . . . . Bothacking | -11 -10 -10 -9 -9 -9 ------------ Run | Scr Mat Min Mat Sto Gar Used RIF Installer . | . . . . . . Robots Hacked . | . . . . . . Non-combat . | . . . . . . Combat . | . . . . . . Robot Hacks Applied . | . . . . . . Relay Couplers Released . | . . . . . . Fabnet Peak Effective % . | . . . . . . Robots Rewired . | . . . . . . Allies Hacked . | . . . . . . Hacks Repelled . | . . . . . . Allies | -11 -10 -10 -9 -9 -9 -------- Run | Scr Mat Min Mat Sto Gar Total Allies 1 | . . 1 . . . Largest Group 1 | . . 1 1 . . Highest-Rated Group 31 | . . 31 31 . . Highest-Rated Ally 31 | . . 31 31 . . Total Orders . | . . . . . . Ally Attacks 7 | . . . 7 . . Total Damage 83 | . . . 83 . . Kills 2 | . . . 2 . . Allies Corrupted . | . . . . . . Allies Melted . | . . . . . . Intel | -11 -10 -10 -9 -9 -9 ------- Run | Scr Mat Min Mat Sto Gar Robot Analysis Total . | . . . . . . Derelict Logs Recovered . | . . . . . . Drone Launches . | . . . . . . Drone Recoveries . | . . . . . . Exploration | -11 -10 -10 -9 -9 -9 ------------- Run | Scr Mat Min Mat Sto Gar Turns Passed 2393 | 133 181 164 271 903 741 Spaces Moved 1327 | 108 141 151 158 438 331 Core 20 | 7 . . 4 . 9 Treads 895 | . . . 135 438 322 Legs . | . . . . . . Wheels 412 | 101 141 151 19 . . Hover . | . . . . . . Flight . | . . . . . . Fastest Speed 50 | 50 80 80 80 145 100 Average Speed 128 | 78 80 80 138 147 158 Slowest Speed 200 | 80 80 80 200 152 200 Overloaded Moves . | . . . . . . Propulsion Burnouts . | . . . . . . Robots Hopped . | . . . . . . Cave-ins Triggered . | . . . . . . Exploration Rate (%) 28 | 4 23 56 12 36 42 Regions Visited 5 Branch Regions 2 Pre-discovered Areas 1 | . . 1 . . . Known Exits Taken 1 | . . . . 1 . Unknown Exits Taken 4 | 1 1 1 1 . . Scrap Searched . | . . . . . . Spaces Dug . | . . . . . . Terrain Destroyed 142 | . 76 10 36 20 . Melee . | . . . . . . Projectile . | . . . . . . AOE 142 | . 76 10 36 20 . Terrain Rammed . | . . . . . . Walls Destroyed . | . . . . . . Machines Disabled . | . . . . . . Actions | -11 -10 -10 -9 -9 -9 --------- Run | Scr Mat Min Mat Sto Gar Total 1809 | 138 190 191 200 605 485 Wait 269 | 7 31 34 19 77 101 Move 1322 | 107 140 150 157 437 331 Hop . | . . . . . . Pick Up 40 | 9 3 3 5 15 5 Fast Attach . | . . . . . . Attach 22 | 6 1 . 5 6 4 Detach 1 | . . . 1 . . Swap 11 | . 1 . 1 5 4 Drop 20 | . 2 1 4 11 2 Fire 120 | 9 12 2 8 51 38 Melee . | . . . . . . Ram 1 | . . 1 . . . Kick . | . . . . . . Crush 1 | . . . . 1 . Escape Stasis . | . . . . . . Rewire . | . . . . . . Trap 2 | . . . . 2 . Miscellaneous . | . . . . . . Route ------- -11/Scrapyard -10/Materials -10/Mines -9/Materials -9/Storage -9/Garrison History --------- Turn | Location | Event 5 | -11/Scrapyard | Discovered new exit (range 15) 134 | -11/Scrapyard | Entered Materials 227 | -10/Materials | Discovered new exit (range 12) 315 | -10/Materials | Entered Mines 320 | -10/Mines | Escorted by a lone wolf Derelict 335 | -10/Mines | Build established: Mutant 340 | -10/Mines | Learned location of Storage (-9) 410 | -10/Mines | Found a hidden stash of uninstalled traps 468 | -10/Mines | Discovered new exit (range 5) 479 | -10/Mines | Entered Materials 479 | -9/Materials | Accompanied by 1 ally 479 | -9/Materials | Evolved 2 slots: Propulsion x2 721 | -9/Materials | Discovered new exit (range 9) 750 | -9/Materials | Entered Storage 1242 | -9/Storage | Build established: Scavenger-Mutant 1568 | -9/Storage | Garrison activated, responded to threat 1612 | -9/Storage | Lost 4 parts (1n1u2w) 1648 | -9/Storage | Identified exit to Garrison 1653 | -9/Storage | Entered Garrison 1758 | -9/Garrison | Triggered checkpoint 1840 | -9/Garrison | Triggered checkpoint 2328 | -9/Garrison | Triggered checkpoint 2338 | -9/Garrison | Triggered checkpoint 2341 | -9/Garrison | Triggered checkpoint 2357 | -9/Garrison | Core integrity fell below 50% 2378 | -9/Garrison | Core integrity fell below 20% 2394 | -9/Garrison | Destroyed by S-10 Pest with Light Assault Rifle Last Messages --------------- 02000_ ALERT: Garrison interior compromised. 02144_ MJ&D9OZ7NHYCJ4TKNA%WZQOMH0Z2 02279_ G-34 Mercenary destroyed. 02282_ Acquired 6 matter. 02296_ WM3G3K6KSWUYQJBUDWWLRFA| UU0H/LU1G6|D 02328_ Beams of light sweep through the air. An alarm sounds. 02336_ G-34 Mercenary destroyed. 02338_ Beams of light sweep through the air. An alarm sounds. 02338_ EM Shotgun destroyed. 02341_ Beams of light sweep through the air. An alarm sounds. 02341_ Heat Sink destroyed. 02348_ System corrupted: Hvy. Assault Rifle rejected. 02349_ Lgt. Treads destroyed. 02353_ Seismic Detector destroyed. 02361_ Lgt. Nuclear Core destroyed. 02366_ S-10 Pest destroyed. 02371_ Beam Rifle destroyed. 02389_ G-34 Mercenary destroyed. 02390_ Acquired 12 matter. 02392_ Acquired 1 matter. Map ----- +----------------------------------------------------+ | ##??????????????????????# #????# #??????#!%[ | | ????????????????????????# ###### #??????#!%* | | ????????????????????????# #??????# ##### | | ????????????????????????######## #??????# #???? | | ???????????????????????????????# #??????# #???? | | ???????????????????????????????# #??????# #???? | | ???????????????????????????????# ######## #???? | | ???????????????????????????????# ## ## #???? | | ???????????????????????????????# %## ## ##??? | | ???????????????????????????????# =*%%[ #### | | ???????????????????????????????# !!* | | ???????????????????????????????# | | ???????????????????????????????# ## ## #### | | ?????????????????????????????### ## ## ###? | | ?????????????????????????????# #? | | ?????????????????????????????# ^ #? | | ?????????????????????????????# ^ #? | | ?????????????????????????????# = #? | | ?????????????????????????????### ##%* ## #??? | | ?????????????????############### [ ## ## #??? | | ?????????????????# #??? | | ?????????????????# [[ #??? | | ?????????????????# %*[ #??? | | ?????????????????# ####s#######+### ## ##??? | | ????????????????????????#=#?????????# ## #???? | | ????????????????????????#@#?????????######? #???? | | ????????????????????????#g#????????????????? #???? | | ????????????????????????#s#??????????????????#???? | | ????????????????????????# #??????????????????????? | | ????????????????????????g #??????????????????????? | | ????????????????????????#+#??????????????????????? | | ????????????????????????# #??????????????????????? | | ????????????????????????# #??????????????????????? | | ???????????????????????? ??????????????????????? | | ????????????????????????###??????????????????????? | | ?????????????????????????????????????????????????? | | ?????????????????????????????????????????????????? | | ?????????????????????????????????????????????????? | | ?????????????????????????????????????????????????? | | ?????????????????????????????????????????????????? | | ?????????????????????????????????????????????????? | | ?????????????????????????????????????????????????? | | ?????????????????????????????????????????????????? | | ?????????????????????????????????????????????????? | | ?????????????????????????????????????????????????? | | ?????????????????????????????????????????????????? | | ?????????????????????????????????????????????????? | | ?????????????????????????????????????????????????? | | ?????????????????????????????????????????????????? | | ?????????????????????????????????????????????????? | +----------------------------------------------------+ Best States ------------- Heat Dissipation 38 Energy Generation 14 Energy Capacity 250 Matter Stores 300 Matter Capacity 300 Sight Range 18 Terrain Scan Range 16 Terrain Scan Density 10 Evasion (%) 44 Recoil Reduction 4 Item Schematics ----------------- None Robot Schematics ------------------ None Fabricated ------------ Nothing Alien Tech Used ----------------- None Achievements -------------- None Challenges ------------ None Game ------ Seed UtilityGravityFrame Manual? 0 Play Time 00:37:05 Cumulative 4.2 hours Start 2022.04.05 @ 20:58:28 End 2022.04.05 @ 21:35:42 Sessions 1 Manual Loads 0 Difficulty Rogue Special Mode None Game No. 8 Rogue 8 Adventurer 0 Explorer 0 Win Type - Total 0 Types 0/0/0/0/0/0/0/0/0 Lore% 5 Gallery% 6 Achievement% 8 Wizard Run 0 Options --------- ASCII 0 Keyboard 0 Movement Numpad Keybinds 0 Fullscreen 1 Font 20/SmallcapsGlow Map View 66x50 Tactical HUD 1 Map Filters NONE Filters NONE Steam 1 RUN: c4f5eb95-2cb9-4d17-9ee5-a946931dabe6